AoeStats
← FrankSinatrap

Four Lakes

509966925Analyzed
1v1 RM · 4d ago on Sep 28, 2026· 16m 45s· 2 players
Game mode
Random Map
Map size
Tiny (2 player)
Population
200
Speed
Normal
Resources
Standard
Victory
Conquest
Starting age
Dark Age
Ending age
Imperial Age
RankedLock teamsTeams togetherTeam positionsShared explorationLock speedFull tech treeHidden civsTurbo modeCheats
Victory
Defeat
🇲🇽 Vikings · Mexico
1243
+21
🇮🇪 Japanese · Ireland
1214
-15
Harmless Villager
12:32 Feudal Age
13:03 Double-Bit Axe
13:05 Fishing Lines
FrankSinatrap
5:20 Loom
10:22 Feudal Age
10:56 Double-Bit Axe
16:39 Castle Age
15:35 Gold Mining
Connection lost

Rejoining the realm…

Still unreachable

The connection could not be restored.

Session expired

The server has moved on; the page needs a fresh start.